 Dungeon Crawl Stone Soup version 0.28.0-53-g5a82cb258f (webtiles) character file.

Game seed: 15434235007654326796

10 ZappyNine the Skirmisher (level 2, -2/16 HPs)
             Began as a Vine Stalker Berserker on May 23, 2022.
             Was a Follower of Trog.
             Slain by a kobold
             ... wielding a +0 dagger
              (3 damage)
             ... on level 1 of the Dungeon.
             The game lasted 00:00:24 (242 turns).

ZappyNine the Skirmisher (Vine Stalker Berserker)    Turns: 242, Time: 00:00:25

Health: -2/16      AC:  2    Str: 19    XL:     2   Next: 20%
Magic:  0/3        EV: 12    Int:  7    God:    Trog [*.....]
Gold:   0          SH:  0    Dex: 13    Spells: 1/1 levels left

rFire   . . .      SeeInvis .   a - +0 mace
rCold   . . .      Faith    .   (no shield)
rNeg    . . .      Spirit   +   b - +0 animal skin
rPois   .          Reflect  .   (no helmet)
rElec   .          Harm     .   (no cloak)
rCorr   .          Rampage  .   (no gloves)
Will    .....                   (no boots)
Stlth   +.........              (no amulet)
HPRegen 0.05/turn               (no ring)
MPRegen 0.08/turn               (no ring)

@: on berserk cooldown, slowed, very slow
A: fangs 2, magic shield, antimagic bite, no potion heal 2
a: Renounce Religion, Berserk


You were on level 1 of the Dungeon.
You worshipped Trog.
Trog was aware of your devotion.
You visited 1 branch of the dungeon, and saw 1 of its levels.

Inventory:

Hand Weapons
 a - a +0 mace (weapon)
Armour
 b - a +0 animal skin (worn)
Potions
 c - a potion of resistance {unknown}


   Skills:
 + Level 3.3 Fighting
 - Level 2.6 Maces & Flails
 - Level 1.5 Armour
 - Level 1.5 Dodging


You had one spell level left.
You didn't know any spells.
Your spell library was empty.

Dungeon Overview and Level Annotations

Branches:
Dungeon (1/15)

Altars:


Innate Abilities, Weirdness & Mutations

You have extremely sharp teeth.
When hurt, damage is shared between your health and your magic reserves.
Your bite disrupts and absorbs the magic of your enemies.
Potions cannot restore your health.


Message History

The hobgoblin hits you but does no damage.
You closely miss the hobgoblin. Your bite misses the hobgoblin.
The hobgoblin closely misses you.
You hit the hobgoblin.
You kill the hobgoblin!
Trog accepts your kill.
You bludgeon the ball python!!
You feel the power of Trog in you as your rage grows.
You kill the ball python!
Trog accepts your kill. The kobold hits you with a +0 whip.
* * * LOW HITPOINT WARNING * * *
There is an open door, spattered with blood here.
Things that are here:
a ball python corpse; a hobgoblin corpse You barely miss the kobold.
You bite the kobold.
You kill the kobold!
Trog accepts your kill.
You see here a +0 whip.
You start resting.
You feel a strong urge to attack something.
You start resting.
A kobold comes into view. It is wielding a +0 dagger.
A kobold is nearby!
A kobold is nearby!
You feel your anger nearly subside.
You are no longer berserk.
You are exhausted.
You feel yourself slow down.
The kobold shouts!
You hear an angry hiss.
There is an open door, spattered with blood here.
Things that are here:
a ball python corpse; a hobgoblin corpse You start resting.
A kobold is nearby!
You barely miss the kobold. Your bite misses the kobold.
The kobold hits you but does no damage. The kobold hits you with a +0 dagger.
* * * LOW HITPOINT WARNING * * *
You're still recovering from your berserk rage.
You miss the kobold. The kobold hits you with a +0 dagger.
You die...

#.####....##+##...#
#.#...†.#.....#...#
..............#...#########..
........#.....#..)#.....(...#
....##............†).......#
..#.##.##.#.......#....$.....
..#..#.##.#.......##...#+#..#
####.#.##.#....K####...# #
...##.#.....@..#.....
#..##.#........###....
#.....+........# ..K..
...##.#........# .....
..#+########


You could see a kobold.

Vanquished Creatures
  An endoplasm (D:1)
  A giant cockroach (D:1)
  2 hobgoblins (D:1)
  3 kobolds (D:1)
  A quokka (D:1)
  A ball python (D:1)
9 creatures vanquished.

Notes
Turn   | Place    | Note
-------+----------+-------------------------------------------
     0 | D:1      | ZappyNine the Vine Stalker Berserker began the quest for
                  | the Orb.
     0 | D:1      | Reached XP level 1. HP: 11/11 MP: 2/2
   179 | D:1      | Reached skill level 3 in Fighting
   212 | D:1      | Reached XP level 2. HP: 16/16 MP: 3/3
   242 | D:1      | Slain by a kobold

Illustrated notes

Levels and vault maps discovered:
D:1:      minmay_arrival_diagonal_passages, layout_basic, minmay_close_crescents

Skill      XL: |  1 |
---------------+----+-----
Fighting       | 3 |  3.3
Maces & Flails | |  2.6
Armour         | |  1.5
Dodging        | |  1.5

Action                   || total
-------------------------++-------
Melee: Mace              ||    24
       Bite              ||     6
Invok: Berserk           ||     1
Armor: Animal skin       ||     6
Dodge: Dodged            ||     9
